 Dungeon Crawl Stone Soup version 0.18.1-47-g9310371 (webtiles) character file.

61 juanjsm the Sneak (level 3, 0/16 HPs)
             Began as a Spriggan Enchanter on June 21, 2016.
             Slain by a goblin
             ... wielding a +0 club
              (4 damage)
             ... on level 3 of the Dungeon.
             The game lasted 00:03:09 (933 turns).

juanjsm the Sneak (Spriggan Enchanter)               Turns: 933, Time: 00:03:10

Health: 0/16       AC:  3    Str:  4    XL:     3   Next: 83%
Magic:  1/8        EV: 18    Int: 16    God:
Gold:   79         SH:  0    Dex: 17    Spells: 3 memorised, 2 levels left

rFire  . . .     SeeInvis +     a - +1 dagger
rCold  . . .     Gourm    .     b - +1 robe
rNeg   . . .     Faith    .     (shield restricted)
rPois  .         Spirit   .     (helmet restricted)
rElec  .         Dismiss  .     (no cloak)
rCorr  .         Reflect  .     (gloves unavailable)
SustAt .         Harm     .     (boots unavailable)
MR     .....                    (no amulet)
Stlth  +++++.....               (no ring)
                                f - ring of stealth

@: very slightly contaminated, very quick, not resistant to hostile
enchantments, quite stealthy
A: unfitting armour, see invisible, herbivore 3, speed 3, slow metabolism 2
a: no special abilities


You were on level 3 of the Dungeon.
You were not hungry.

You visited 1 branch of the dungeon, and saw 3 of its levels.

You collected 79 gold pieces.

Inventory:

Hand Weapons
 a - a +1 dagger (weapon)
Armour
 b - a +1 robe (worn)
Jewellery
 f - a ring of stealth (left hand)
Scrolls
 g - 3 scrolls of identify {unknown}
 h - 2 scrolls of fear {unknown}
 j - a scroll of noise {unknown}
 l - 2 scrolls of remove curse {unknown}
 m - a scroll of recharging {unknown}
 n - 2 scrolls of teleportation {unknown}
Potions
 e - a potion of curing {unknown}
 k - 2 potions of heal wounds {unknown}
 o - 2 potions of might {unknown}
 p - a potion of haste {unknown}
Books
 c - a book of Maledictions

   Spells                             Type                      Level
   a - Corona                         Hexes                        1
   b - Ensorcelled Hibernation        Hexes/Ice                    2
   c - Confuse                        Hexes                        3
   d - Tukima's Dance                 Hexes                        3
   e - Dazzling Spray                 Conjuration/Hexes            3
Comestibles
 d - a bread ration
 i - a royal jelly


   Skills:
 + Level 0.1 Fighting
 + Level 1.4 Short Blades
 + Level 3.3 Dodging
 + Level 6.1 Stealth
 + Level 3.0 Spellcasting
 + Level 4.1 Hexes
 + Level 0.2 Ice Magic


You had 2 spell levels left.
You knew the following spells:

 Your Spells              Type           Power        Failure   Level  Hunger
a - Corona                Hex            ###....      4%          1    #......
b - Ensorcelled Hibernat  Hex/Ice        #.....       14%         2    ##.....
c - Confuse               Hex            ###.....     12%         3    ###....


Dungeon Overview and Level Annotations

Branches:
Dungeon (3/15)

Altars:

Annotations:
D:2 Natasha


Innate Abilities, Weirdness & Mutations

You are tiny and cannot use many weapons and most armour.
You have supernaturally acute eyesight.
You are a herbivore.
You cover ground extremely quickly.
You need consume almost no food.


Message History

You hit the hobgoblin but do no damage.
The hobgoblin is moderately wounded.
The goblin closely misses you.
You hit the hobgoblin.
The hobgoblin is heavily wounded.
The hobgoblin hits you but does no damage.
The rat barely misses you. The goblin misses you.
You closely miss the hobgoblin.
The hobgoblin is heavily wounded.
The hobgoblin hits you with a club.
* * * LOW HITPOINT WARNING * * *
The rat bites you but does no damage.
You closely miss the hobgoblin.
The hobgoblin is heavily wounded.
The goblin closely misses you. The hobgoblin misses you.
The rat bites you but does no damage.
You barely miss the hobgoblin.
The hobgoblin is heavily wounded.
The goblin hits you with a club.
You die...

..# ##..###
##.....
##.....## .
##.......#..
#...........
+....)....+
#..gr.....#
##.@g....##
##.....##
##...##
##+##


You could see a hobgoblin, a goblin and a rat.

Vanquished Creatures
  Terence (D:2)
  An ooze (D:1)
  A worm (D:2)
  A dart slug (D:1)
  A giant gecko (D:1)
  3 bats
  2 giant cockroaches (D:1)
  5 hobgoblins
  2 kobolds
  4 giant newts (D:2)
  A goblin (D:1)
  4 rats
26 creatures vanquished.

Notes
Turn   | Place    | Note
--------------------------------------------------------------
     0 | D:1      | juanjsm the Spriggan Enchanter began the quest for the Orb.
     0 | D:1      | Reached XP level 1. HP: 9/9 MP: 5/5
   225 | D:1      | Reached skill level 5 in Stealth
   225 | D:1      | Reached XP level 2. HP: 13/13 MP: 6/6
   229 | D:1      | Learned a level 2 spell: Ensorcelled Hibernation
   590 | D:1      | Reached XP level 3. HP: 14/16 MP: 8/8
   595 | D:1      | Learned a level 3 spell: Confuse
   826 | D:2      | Noticed Terence
   847 | D:2      | Killed Terence
   847 | D:2      | Reached skill level 6 in Stealth
   914 | D:2      | Noticed Natasha
   933 | D:3      | Slain by a goblin

Skill      XL: |  1  2  3 |
---------------+----------+-----
Stealth        | 5 6 |  6.1
Spellcasting   | 3 |  3.0
Hexes          | 4 |  4.1
Fighting       | |  0.1
Short Blades   | |  1.4
Dodging        | |  3.3
Ice Magic      | |  0.2

Action                   || total
-------------------------++-------
Melee: Dagger            ||    44
 Cast: Corona            ||     3
       Ensorcelled Hiber ||    14
 Stab: Sleeping          ||    23
Armor: Robe              ||     3
Dodge: Dodged            ||    27
